 Dungeon Crawl Stone Soup version 0.30-a0-883-g5ad918d77d (webtiles) character file.

Game seed: 755939870927219125

1721 Newt the Thrower (level 8, -4/60 HPs)
             Began as a Demonspawn Gladiator on Mar 16, 2023.
             Was a Follower of Makhleb.
             Slain by Maggie
             ... wielding a +2 heavy glaive
              (22 damage)
             ... on level 7 of the Dungeon.
             The game lasted 00:06:57 (6987 turns).

Newt the Thrower (Demonspawn Gladiator)             Turns: 6987, Time: 00:06:57

Health: -4/60      AC: 11    Str: 17    XL:     8   Next: 75%
Magic:  17/17      EV: 12    Int:  9    God:    Makhleb [*.....]
Gold:   300        SH:  5    Dex: 15    Spells: 7/7 levels left

rFire   + . .      SeeInvis .    p - +2 whip (vamp)
rCold   . . .      Faith    .    (no shield)
rNeg    . . .      Spirit   .    C - +3 leather armour {rF+}
rPois   .          Reflect  +    (helmet restricted)
rElec   .          Rampage  .    r - +1 cloak
rCorr   +                        (no gloves)
Will    .....                    G - +0 pair of boots
Stlth   +                        t - amulet of reflection
HPRegen 1.30/turn                n - ring of magical power
MPRegen 0.15/turn                y - ring of resist corrosion

@: mesmerised
A: horns 2, thin metallic scales 1, ignite blood 2, powered by death 1
a: Renounce Religion


You were on level 7 of the Dungeon.
You worshipped Makhleb.
Makhleb was aware of your devotion.
You visited 2 branches of the dungeon, and saw 8 of its levels.

You collected 300 gold pieces.

Inventory:

Hand Weapons
 a - a +0 rapier
 g - a +3 short sword
 p - a +2 vampiric whip (weapon)
Missiles
 d - 3 throwing nets
 f - 71 stones
 q - 5 boomerangs (quivered)
 u - 4 poisoned darts
 v - 2 atropa-tipped darts
Armour
 b - a +0 leather armour
 c - a +0 helmet
 r - a +1 cloak (worn)
 C - a +3 leather armour of fire resistance (worn)
 G - a +0 pair of boots (worn)
Jewellery
 j - an amulet of the acrobat
 n - a ring of magical power (left hand)
 t - an amulet of reflection (around neck)
 y - a ring of resist corrosion (right hand)
 A - a ring of wizardry
 B - a ring of wizardry
 F - an amulet of guardian spirit
Wands
 w - a wand of flame (38)
Scrolls
 h - a scroll of noise
 i - 3 scrolls of teleportation
 s - 3 scrolls of immolation
 z - a scroll of enchant armour
Potions
 k - 2 potions of curing
 l - a potion of degeneration
 m - 2 potions of berserk rage
 o - a potion of attraction
 x - a potion of mutation
 E - a potion of haste {unknown}


   Skills:
 - Level 4.0 Fighting
 - Level 2.6 Short Blades
 + Level 5.8 Maces & Flails
 - Level 8.0 Throwing
 - Level 2.6 Dodging


You had 7 spell levels left.
You didn't know any spells.
Your spell library contained the following spells:

 Spells                   Type           Power      Damage    Failure   Level
 Apportation              Tloc           0%         N/A       45%         1
 Kiss of Death            Conj/Necr      0%         2d5       45%         1
 Necrotise                Necr           0%         1d4       45%         1
 Summon Small Mammal      Summ           0%         N/A       45%         1
 Cigotuvi's Dreadful Rot  Necr/Pois/Air  0%         N/A       58%         2
 Poisonous Vapours        Pois/Air       0%         N/A       58%         2
 Confusing Touch          Hex            0%         N/A       83%         3
 Mephitic Cloud           Conj/Pois/Air  0%         N/A       83%         3
 Dispel Undead            Necr           0%         3d6       99%         4


Dungeon Overview and Level Annotations

Branches:
Dungeon (7/15)             Temple (1/1) D:4

Altars:
Ashenzari
Cheibriados
Dithmenos
Fedhas
Gozag
Hepliaklqana
Kikubaaqudgha
Makhleb
Nemelex Xobeh
Okawaru
Qazlal
Ru
Sif Muna
Trog
Uskayaw
Vehumet
Wu Jian
Xom
Yredelemnul

Shops:
D:6 [

Annotations:
D:7 Maggie


Innate Abilities, Weirdness & Mutations

You have a pair of horns on your head.
You are partially covered in thin metallic scales. (AC +2)
Your demonic aura often causes spilled blood to erupt in flames.
You regenerate a little health from kills.


Message History

You hear a shout!
The water moccasin bites you but does no damage.
Maggie is engulfed in blazing flames.
Maggie hits you from afar with a +2 heavy glaive.
The water moccasin bites you but does no damage.
The sleepcap releases spores at you.
You are engulfed in a cloud of soporific spores!
You fall asleep.
You hear a shout!
You wake up.
The water moccasin barely misses you. The sleepcap barely misses you.
An orc comes into view. It is wielding a +2 heavy trident.
Maggie is engulfed in blazing flames.
Maggie hits you from afar with a +2 heavy glaive!
* * * LOW HITPOINT WARNING * * *
Unknown command.
You feel better. The water moccasin bites you.
* * * LOW HITPOINT WARNING * * *
The sleepcap misses you.
The water moccasin completely misses you.
Throw: 6 boomerangs
Press: ? - help, Q - select action, (/) - cycle Shift-Dir - straight line, f/p - Maggie
Aim: Maggie, wielding a +2 heavy glaive and wearing +0 steam dragon scales (flame, heavily wounded, mesmerising, 65% to hit)
You throw a boomerang.
The boomerang hits the water moccasin and shatters for extra damage!
You kill the water moccasin!
Makhleb accepts your kill.
Maggie is engulfed in blazing flames.
Maggie gestures wildly while chanting.
Maggie draws you further into her thrall.
The sleepcap barely misses you.
Throw: 5 boomerangs
Press: ? - help, Q - select action, (/) - cycle Shift-Dir - straight line, f/p - Maggie
Aim: Maggie, wielding a +2 heavy glaive and wearing +0 steam dragon scales (flame, severely wounded, mesmerising, 65% to hit)
You throw a boomerang.
The boomerang hits Maggie but does no damage.
Maggie is severely wounded.
Maggie is engulfed in blazing flames.
Maggie hits you from afar with a +2 heavy glaive!!
You die...

####.............
.................#
...............#.#
#............##..#
.#..........#.#..#
#.##......##.#...#
.##.#....#.##....#
#.#.#..#.#.#☼...#
..#.##..##.#@°...#
...##....##f†....#
...........@....#
..........o....#
.##....##......#
#..# .#(....# #..
#.#....# .. #
....#


You could see Maggie (mesmerising), a sleepcap and an orc.

Vanquished Creatures
  Grinder (D:5)
  Eustachio (D:5)
  A water moccasin (D:7)
  An orc warrior (D:6)
  A sky beast (D:6)
  An ogre (D:6)
  3 phantoms
  A bullfrog (D:6)
  Blork the orc (D:5)
  2 howler monkeys (D:6)
  6 orc priests
  A hound (D:6)
  A sleepcap (D:7)
  3 iguanas
  2 orc wizards (D:6)
  4 adders
  4 gnolls (D:3)
  A white imp (D:5)
  2 ufetubi
  A worm (D:2)
  3 dart slugs
  25 orcs
  11 ball pythons
  12 endoplasms
  3 giant cockroaches
  12 hobgoblins
  2 jackals (D:2)
  5 quokkas
  6 bats
  5 frilled lizards
  7 goblins
  11 kobolds
  8 rats
148 creatures vanquished.

Notes
Turn   | Place    | Note
-------+----------+-------------------------------------------
     0 | D:1      | Newt the Demonspawn Gladiator began the quest for the Orb.
     0 | D:1      | Reached XP level 1. HP: 16/16 MP: 1/1
   146 | D:1      | Gained mutation: You are partially covered in thin metallic
                  | scales. (AC +2) [demonic ancestry]
   146 | D:1      | Reached XP level 2. HP: 21/23 MP: 2/2
   488 | D:1      | Reached XP level 3. HP: 27/29 MP: 3/3
  1082 | D:2      | Reached skill level 2 in Throwing
  1304 | D:2      | Gained mutation: You have a pair of small horns on your
                  | head. [demonic ancestry]
  1304 | D:2      | Reached XP level 4. HP: 37/37 MP: 4/4
  2291 | D:3      | Reached skill level 3 in Throwing
  2380 | D:3      | Gained mutation: Your demonic aura sometimes causes spilled
                  | blood to erupt in flames. [demonic ancestry]
  2380 | D:3      | Reached XP level 5. HP: 42/42 MP: 5/5
  2752 | D:3      | Found a transporter.
  2755 | D:3      | Found a snail-covered altar of Cheibriados.
  2755 | D:3      | Noticed a phantom
  2756 | D:3      | Found a transporter.
  2757 | D:3      | Found an ornate altar of the Wu Jian Council.
  2783 | D:3      | Found a bloodstained altar of Trog.
  2996 | D:4      | Found a staircase to the Ecumenical Temple.
  3011 | Temple   | Entered the Ecumenical Temple
  3036 | Temple   | Became a worshipper of Makhleb the Destroyer
  3108 | D:4      | Reached skill level 4 in Throwing
  3751 | D:5      | Entered Level 5 of the Dungeon
  3828 | D:5      | Noticed a phantom
  3849 | D:5      | Killed a phantom
  3850 | D:5      | Reached skill level 5 in Throwing
  3850 | D:5      | Gained mutation: You have a pair of horns on your head.
                  | [demonic ancestry]
  3850 | D:5      | Reached XP level 6. HP: 15/48 MP: 6/6
  4658 | D:5      | Noticed Eustachio
  4661 | D:5      | Noticed Blork the orc
  4666 | D:5      | Killed Blork the orc
  4667 | D:5      | Reached skill level 6 in Throwing
  4669 | D:5      | Killed Eustachio
  4670 | D:5      | Gained mutation: You regenerate a little health from kills.
                  | [demonic ancestry]
  4670 | D:5      | Reached XP level 7. HP: 54/54 MP: 7/7
  4889 | D:5      | Noticed Grinder
  4904 | D:5      | Killed Grinder
  4905 | D:5      | Reached skill level 7 in Throwing
  5138 | D:5      | Found an iron altar of Okawaru.
  5138 | D:5      | Found a blossoming altar of Fedhas.
  5145 | D:5      | Found a faded altar of an unknown god.
  5147 | D:5      | Found a basalt altar of Yredelemnul.
  5150 | D:5      | Found a faded altar of an unknown god.
  5577 | D:3      | Reached * piety under Makhleb
  5733 | D:6      | Reached skill level 8 in Throwing
  5733 | D:6      | Gained mutation: Your demonic aura often causes spilled
                  | blood to erupt in flames. [demonic ancestry]
  5733 | D:6      | Reached XP level 8. HP: 60/60 MP: 8/8
  5881 | D:6      | Found Uzufep's Armour Shop.
  6599 | D:7      | Reached skill level 5 in Maces & Flails
  6977 | D:7      | Noticed Maggie
  6987 | D:7      | Slain by Maggie

Illustrated notes

Levels and vault maps discovered:
D:1:      dpeg_arrival_morbid_curiosity, layout_loops_ring,
          minmay_small_reverse_x
D:2:      layout_basic
D:3:      layout_loops_corners, mainiacjoe_overflow_alcove_2,
          gammafunk_temple_overflow_arena
D:4:      layout_loops_ring, minmay_temple_entry_slanted,
          wad_floor_pattern_untrapped
D:5:      layout_loops_ring, chequers_temple_overflow_minitemple,
          uniq_blork_the_orc, uniq_grinder, uniq_eustachio
D:6:      layout_basic, serial_shops, kennysheep_mini
D:7:      layout_loops_ring, minmay_misc_feat_secret_circle,
          david_defended_altar_orc, uniq_maggie, uniq_menkaure,
          uniq_crazy_yiuf_cottage
Temple:   hellmonk_temple_two_chambers

Skill      XL: |  1  2  3  4  5  6  7  8 |
---------------+-------------------------+-----
Fighting       | 3 4 |  4.0
Throwing       | 2 3 5 6 8 |  8.0
Maces & Flails | 5 |  5.8
Short Blades   | |  2.6
Dodging        | |  2.6

Action                     |  1- 3 |  4- 6 |  7- 9 || total
---------------------------+-------+-------+-------++-------
  Melee: Rapier            |    25 |       |       ||    25
         Short sword       |    68 |       |       ||    68
         Whip              |    67 |   177 |   161 ||   405
         Punch             |     1 |     2 |     2 ||     5
         Headbutt          |       |    24 |    37 ||    61
  Throw: Stone             |     2 |       |       ||     2
         Boomerang         |       |    19 |    11 ||    30
         Dart              |       |     4 |       ||     4
         Javelin           |       |       |     2 ||     2
    Use: Scroll            |     3 |     8 |     2 ||    13
         Potion            |       |     1 |     8 ||     9
   Stab: Sleeping          |     2 |     1 |       ||     3
 Armour: Leather armour    |    54 |    46 |    86 ||   186
  Dodge: Dodged            |   124 |   125 |   150 ||   399
  Block: Other             |       |       |    20 ||    20

Table legend: (Time is in decaauts)
 A = Elapsed time spent in this place.
 B = Non-inter-level travel time spent in this place.
 C = Inter-level travel time spent in this place.
 D = Time resting spent in this place.
 E = Time spent auto-exploring this place.
 F = Levels seen in this place.
 G = Mean time per level.
                   A        B        C        D        E       F      G
               +--------+--------+--------+--------+--------+-----+--------+
         Total |   7000 |   6613 |    387 |   1425 |   4035 |   8 |  875.0 |
       Dungeon |   6965 |   6586 |    379 |   1425 |   4025 |   7 |  995.0 |
        Temple |     34 |     26 |      8 |      0 |     10 |   1 |   34.0 |
               +--------+--------+--------+--------+--------+-----+--------+

Top non-repeatable levels by time:
     D:5: 1597 daAuts
     D:3: 1411 daAuts
     D:2: 972 daAuts
     D:1: 955 daAuts
     D:6: 831 daAuts
     D:4: 776 daAuts
     D:7: 420 daAuts
  Temple: 34 daAuts
